 Dungeon Crawl Stone Soup version 0.29-a0-1027-gcd8c55af63 (webtiles) character file.

Game seed: 12691947236624510699

359 Ijustatesigmund the Magician (level 6, -7/36 HPs)
             Began as an Octopode Earth Elementalist on Aug 12, 2022.
             Constricted to death by Ijyb (8 damage)
             ... on level 3 of the Dungeon.
             The game lasted 00:06:36 (3060 turns).

Ijustatesigmund the Magician (OpEE)                 Turns: 3060, Time: 00:06:37

Health: -7/36      AC:  1    Str:  7    XL:     6   Next: 65%
Magic:  6/12       EV: 10    Int: 19    God:
Gold:   72         SH:  0    Dex: 13    Spells: 3/13 levels left

rFire   . . .      SeeInvis .   k - staff of earth
rCold   . . .      Faith    .   (no shield)
rNeg    . . .      Spirit   .   (helmet restricted)
rPois   .          Reflect  .   (no amulet)
rElec   .          Harm     .   d - ring of wizardry
rCorr   .          Rampage  .   (no ring)
Will    .....                   (no ring)
Stlth   +++.......              (no ring)
HPRegen 0.12/turn               (no ring)
MPRegen 0.13/turn               (no ring)
                                (no ring)
                                (no ring)

@: grasped by roots, constricted
A: almost no armour, amphibious, 8 rings, camouflage 1, gelatinous body 1,
(nimble swimmer 1), tentacles
a: no special abilities


You were on level 3 of the Dungeon.
You visited 1 branch of the dungeon, and saw 3 of its levels.

You collected 72 gold pieces.

Inventory:

Hand Weapons
 b - a +0 quarterstaff of protection
 h - a +2 dagger of venom
Magical Staves
 k - a staff of earth (weapon)
Jewellery
 d - a ring of wizardry (left tentacle)
Potions
 c - 4 potions of curing
 e - a potion of berserk rage {unknown}
 f - 2 potions of degeneration {unknown}
 g - a potion of heal wounds {unknown}
 i - a potion of might {unknown}
 j - a potion of haste {unknown}


   Skills:
 + Level 0.0 Staves
 - Level 2.0 Dodging
 - Level 2.6 Stealth
 + Level 4.4 Spellcasting
 + Level 3.6 Conjurations
 + Level 1.5 Transmutations
 + Level 3.8 Earth Magic


You had 3 spell levels left.
You knew the following spells:

 Your Spells              Type           Power      Damage    Failure   Level
a - Sandblast             Erth           56%        2d13      1%          1
b - Stone Arrow           Conj/Erth      54%        3d10      3%          3
c - Passwall              Tmut/Erth      17%        N/A       2%          2
d - Petrify               Tmut/Erth      21%        N/A       17%         4

Your spell library contained the following spells:

 Spells                   Type           Power      Damage    Failure   Level
 Magic Dart               Conj           72%        1d6       1%          1
 Searing Ray              Conj           36%        2d5       1%          2
 Freeze                   Ice            16%        1d4       5%          1
 Frozen Ramparts          Ice            8%         1d2       16%         3
 Fulminant Prism          Conj/Hex       5%         3d7       24%         4
 Hailstorm                Conj/Ice       11%        3d5       24%         4


Dungeon Overview and Level Annotations

Branches:
Dungeon (3/15)

Altars:

Annotations:
D:3 Ijyb


Innate Abilities, Weirdness & Mutations

You cannot wear most types of armour.
You are amphibious.
You can wear up to eight rings at the same time.
Your skin changes colour to match your surroundings (Stealth+).
Your rubbery body absorbs attacks. (AC +1, EV +1)
((You are camouflaged when in or above water. (Stealth+)))
You have tentacles for arms and can constrict up to eight enemies at once.


Message History

Press: ? - help, Shift-Dir - straight line, f/p - Ijyb
Aim: Ijyb, wielding a +0 club, wearing a +0 leather armour and carrying a wand of roots (6) (64% to hit)
You feel a surge of power!
The stone arrow hits Ijyb but does no damage.
Ijyb hits you with a +0 club.
Casting: Stone Arrow (dangerous; 3% risk of failure)
Confirm with . or Enter, or press ? or * to list all spells.
Aiming: Stone Arrow (dangerous; 3% risk of failure)
Press: ? - help, Shift-Dir - straight line, f/p - Ijyb
Aim: Ijyb, wielding a +0 club, wearing a +0 leather armour and carrying a wand of roots (6) (64% to hit)
You feel a surge of power!
The stone arrow misses Ijyb.
Ijyb zaps a wand.
The roots erupt in riotous growth!
The grasping roots grab you!
Ijyb is unaffected.
The grasping roots constrict you. Magic courses through your body.
Ijyb hits you with a +0 club. The grasping roots constrict you.
* * * LOW HITPOINT WARNING * * *
Casting: Stone Arrow (dangerous; 3% risk of failure)
Confirm with . or Enter, or press ? or * to list all spells.
Aiming: Stone Arrow (dangerous; 3% risk of failure)
Press: ? - help, Shift-Dir - straight line, f/p - Ijyb
Aim: Ijyb, wielding a +0 club, wearing a +0 leather armour and carrying a wand of roots (5) (64% to hit)
You feel a surge of power!
The stone arrow hits Ijyb!
Ijyb is heavily wounded.
Ijyb hits you with a +0 club.
* * * LOW HITPOINT WARNING * * *
The grasping roots constrict you.
* * * LOW HITPOINT WARNING * * *
The grasping roots release their grip on you.
Casting: Stone Arrow (dangerous; 3% risk of failure)
Confirm with . or Enter, or press ? or * to list all spells.
Aiming: Stone Arrow (dangerous; 3% risk of failure)
Press: ? - help, Shift-Dir - straight line, f/p - Ijyb
Aim: Ijyb, wielding a +0 club, wearing a +0 leather armour and carrying a wand of roots (5) (heavily wounded, 64% to hit)
You feel a surge of power!
The stone arrow hits Ijyb.
Ijyb is severely wounded.
Ijyb zaps a wand.
The roots erupt in riotous growth!
The grasping roots grab you!
Ijyb is unaffected.
The grasping roots constrict you!
You die...

.###### ###
...<.# . .. ###
#.#.## ... ##.##
... ....#
....#...# #.#
.#..##
........###..#
##.#..##
#..@....#
#.)#....
##g##.#.#
#.##.### #.
#.#.#####.##)#..
#.
#.#..รท.........#
#.
#..###..........
## ##.#
#...<..#### #.#
#.......# # #.#
#......##
#.##.###.#....#


You could see Ijyb.

Vanquished Creatures
  Sigmund (D:2)
  An ogre (D:3)
  Jessica (D:2)
  2 adders
  A worm (D:3)
  2 dart slugs
  2 orcs (D:3)
  4 ball pythons (D:1)
  5 bats
  7 endoplasms
  A giant cockroach (D:2)
  6 goblins
  4 hobgoblins
  4 jackals (D:2)
  7 kobolds
  6 quokkas
  4 frilled lizards
  9 rats
67 creatures vanquished.

Notes
Turn   | Place    | Note
-------+----------+-------------------------------------------
     0 | D:1      | Ijustatesigmund the Octopode Earth Elementalist began the
                  | quest for the Orb.
     0 | D:1      | Reached XP level 1. HP: 11/11 MP: 3/3
    99 | D:1      | Reached XP level 2. HP: 17/17 MP: 3/5
   607 | D:1      | Found a faded altar of an unknown god.
   715 | D:1      | Reached XP level 3. HP: 21/21 MP: 2/6
   719 | D:1      | Learned a level 3 spell: Stone Arrow
   722 | D:1      | Learned a level 2 spell: Passwall
  1332 | D:2      | Noticed Sigmund
  1334 | D:2      | Killed Sigmund
  1335 | D:2      | Reached skill level 4 in Spellcasting
  1335 | D:2      | Reached XP level 4. HP: 23/27 MP: 1/10
  1335 | D:2      | Reached XP level 5. HP: 26/31 MP: 1/11
  1923 | D:2      | Noticed Jessica
  1927 | D:2      | Reached XP level 6. HP: 36/36 MP: 12/12
  1929 | D:2      | Killed Jessica
  2206 | D:2      | Learned a level 4 spell: Petrify
  3053 | D:3      | Noticed Ijyb
  3059 | D:3      | HP: 1/36 [constriction (5)]
  3060 | D:3      | Constricted to death by Ijyb

Illustrated notes

Levels and vault maps discovered:
D:1:      lightli_arrival_boilingwater, layout_loops_corners,
          shapermc_ecumenical_altar_starsandcircs
D:2:      layout_basic, amethyst_killhole, uniq_sigmund, uniq_jessica
D:3:      layout_loops_ring, uniq_ijyb

Skill      XL: |  1  2  3  4  5 |
---------------+----------------+-----
Spellcasting   | 4 |  4.4
Conjurations   | 2 3 |  3.6
Dodging        | |  2.0
Stealth        | |  2.6
Transmutations | |  1.5
Earth Magic    | |  3.8

Action                   |  1- 3 |  4- 6 || total
-------------------------+-------+-------++-------
Melee: Quarterstaff      |     1 |    14 ||    15
       Tentacles         |     1 |     4 ||     5
       Constrict         |       |     7 ||     7
       Dagger            |       |     7 ||     7
       Staff             |       |     2 ||     2
 Cast: Sandblast         |    35 |    16 ||    51
       Stone Arrow       |     3 |    22 ||    25
  Use: Scroll            |     1 |     5 ||     6
       Potion            |       |     1 ||     1
 Stab: Sleeping          |       |     3 ||     3
Armor: Skin              |     2 |     1 ||     3
Dodge: Dodged            |     9 |    23 ||    32

Table legend: (Time is in decaauts)
 A = Elapsed time spent in this place.
 B = Non-inter-level travel time spent in this place.
 C = Inter-level travel time spent in this place.
 D = Time resting spent in this place.
 E = Time spent auto-exploring this place.
 F = Levels seen in this place.
 G = Mean time per level.
                   A        B        C        D        E       F      G
               +--------+--------+--------+--------+--------+-----+--------+
         Total |   3112 |   3041 |     71 |    390 |   2230 |   3 | 1037.3 |
       Dungeon |   3112 |   3041 |     71 |    390 |   2230 |   3 | 1037.3 |
               +--------+--------+--------+--------+--------+-----+--------+

Top non-repeatable levels by time:
     D:1: 1361 daAuts
     D:2: 1171 daAuts
     D:3: 579 daAuts
